 Dungeon Crawl Stone Soup version 0.31-a0-609-g7bf6ffcfed (webtiles) character file.

Game seed: 17755846131104230847

9212 Dittersdorf the Protected (level 11, -2/72 HPs)
             Began as a Gargoyle Fighter on Aug 21, 2023.
             Was an Initiate of Gozag.
             Slain by Urug
             ... wielding a +2 antimagic demon trident
              (11 damage)
             ... on level 10 of the Dungeon.
             The game lasted 00:13:17 (11400 turns).

Dittersdorf the Protected (Gargoyle Fighter)       Turns: 11400, Time: 00:13:18

Health: -2/72      AC: 24    Str: 29    XL:     11   Next: 43%
Magic:  0/11       EV: 10    Int:  8    God:    Gozag
Gold:   918        SH: 10    Dex:  9    Spells: 10/10 levels left

rFire   . . .        j - +4 mace of Resourcefulness {freeze, rCorr Str+6 Int-2}
rCold   . . .        g - +0 kite shield
rNeg    + + .        y - +4 ring mail of Qazlal's Hope {rN+ Will+}
rPois   ∞            u - +1 helmet
rElec   +            b - +0 cloak
rCorr   +            (no gloves)
SInv    .            q - +0 pair of boots
Will    ++...        a - amulet of guardian spirit Stlth
                     r - ring of willpower
HPRegen 0.32/turn    w - ring of resist corrosion
MPRegen 0.12/turn

%: guardian spirit
@: no status effects
A: sickness immunity, AC +8, negative energy resistance 1, electricity
resistance, torment resistance 1, petrification resistance
a: Renounce Religion, Potion Petition, Call Merchant, Bribe Branch


You were on level 10 of the Dungeon.
You worshipped Gozag.
Gozag was pleased with you.
You visited 2 branches of the dungeon, and saw 11 of its levels.

You collected 1589 gold pieces.
You paid 671 gold pieces to Gozag.

Inventory:

Hand Weapons
 j - the +4 mace of Resourcefulness (weapon) {freeze, rCorr Str+6 Int-2}
   (You found it on level 2 of the Dungeon)

   Str+6:     It affects your strength (+6).
   Int-2:     It affects your intelligence (-2).
   rCorr:     It protects you from acid and corrosion.
 p - a +4 morningstar
Missiles
 c - 31 poisoned darts (quivered)
 f - 6 throwing nets
Armour
 b - a +0 cloak (worn)
 g - a +0 kite shield (worn)
 q - a +0 pair of boots (worn)
 u - a +1 helmet (worn)
 y - the +4 ring mail of Qazlal's Hope (worn) {rN+ Will+}
   (You found it on level 9 of the Dungeon)

   rN+:       It protects you from negative energy.
   Will+:     It increases your willpower.
Jewellery
 a - an amulet of guardian spirit (around neck)
 l - a ring of positive energy
 r - a ring of willpower (left hand)
 w - a ring of resist corrosion (right hand)
Scrolls
 k - 2 scrolls of enchant weapon
 m - 2 scrolls of identify
 n - 3 scrolls of teleportation
Potions
 d - a potion of might
 e - 2 potions of resistance
 h - 4 potions of mutation
 i - 3 potions of curing
 o - 3 potions of heal wounds
 t - 3 potions of magic
 v - a potion of lignification {unknown}
 x - a potion of degeneration {unknown}


   Skills:
 + Level 10.2 Fighting
 + Level 9.1 Maces & Flails
 + Level 10.3 Armour
 + Level 10.2 Shields


You had 10 spell levels left.
You didn't know any spells.
Your spell library contained the following spells:

 Spells                   Type           Power      Damage    Failure   Level
 Apportation              Tloc           0%         N/A       67%         1
 Foxfire                  Conj/Fire      0%         2x1d4     67%         1
 Kiss of Death            Conj/Necr      0%         2d5       67%         1
 Necrotise                Necr           0%         1d4       67%         1
 Summon Small Mammal      Summ           0%         N/A       67%         1
 Ensorcelled Hibernation  Hex/Ice        0%         N/A       80%         2
 Confusing Touch          Hex            0%         N/A       95%         3
 Gell's Gravitas          Tloc           0%         N/A       95%         3
 Ozocubu's Armour         Ice            0%         N/A       95%         3
 Teleport Other           Tloc           0%         N/A       95%         3
 Anguish                  Hex/Necr       0%         N/A       100%        4
 Dispel Undead            Necr           0%         3d6       100%        4
 Summon Ice Beast         Ice/Summ       0%         N/A       100%        4
 Summon Mana Viper        Hex/Summ       0%         N/A       100%        5
 Dispersal                Tloc           0%         N/A       100%        6
 Monstrous Menagerie      Summ           0%         N/A       100%        7
 Ozocubu's Refrigeration  Ice            0%         4d7       100%        7


Dungeon Overview and Level Annotations

Branches:
Dungeon (10/15)            Temple (0/1) D:7            Lair (1/5) D:8
    Orc: D:9-12

Altars:
Elyvilon
Gozag
Nemelex Xobeh
Okawaru
Ru
Uskayaw
Vehumet
Yredelemnul

Shops:
D:7 :

Annotations:
D:10 Urug


Innate Abilities, Weirdness & Mutations

You are immune to sickness and miasma.
Your stone body is resilient. (AC +8)
You are immune to poison.
You resist negative energy. (rN+)
You are resistant to electric shocks. (rElec)
You are resistant to unholy torment.
You are immune to petrification.


Message History

Urug hits you with a +2 antimagic demon trident.
You sock Urug!
Urug is heavily wounded.
You block Urug's attack.
You sock Urug! You freeze Urug.
Urug is severely wounded.
Urug hits you with a +2 antimagic demon trident!
You feel your power leaking away.
You barely miss Urug.
Urug is severely wounded.
Urug hits you with a +2 antimagic demon trident!
You closely miss Urug.
Urug is severely wounded.
Urug hits you but does no damage.
You closely miss Urug.
Urug is severely wounded.
Urug winks... or blinks.
Urug zaps a wand.
You resist with almost no effort.
You closely miss Urug.
Urug is severely wounded.
Urug hits you but does no damage.
You closely miss Urug.
Urug is severely wounded.
An orc comes into view.
It is wielding a +0 flail and wearing a +4 scale mail of cold resistance.
Urug hits you with a +2 antimagic demon trident!
* * * LOW HITPOINT WARNING * * *
The orc shouts!
You hit Urug but do no damage.
Urug is severely wounded.
Urug hits you with a +2 antimagic demon trident!
* * * LOW HITPOINT WARNING * * *
You hit Urug but do no damage.
Urug is severely wounded.
Urug zaps a wand.
You resist with almost no effort.
You closely miss Urug.
Urug is severely wounded.
Urug hits you with a +2 antimagic demon trident!
You die...
Urug screams, "Revenge at last!"
Your body crumbles into a pile of gold.

. ....########
..o.......o###########
....######...o@......#
. ###########.# #.#
#.# #.# #.#
#########.##########
#..................#
########............


You could see Urug and an orc.

Vanquished Creatures
  Snorg (D:10)
  Harold (D:9)
  A cyclops (D:8)
  Maggie (D:8)
  A komodo dragon (D:8)
  4 trolls
  8 yaks
  A wyvern (D:9)
  A basilisk (D:8)
  3 vampire mosquitoes (D:10)
  A steam dragon (D:6)
  4 orc warriors
  A sky beast (D:8)
  3 black bears
  An ogre (D:6)
  3 centaurs
  A phantom (D:4)
  2 kobold brigands
  3 bullfrogs
  A gnoll sergeant (D:10)
  4 scorpions
  9 wights
  13 killer bees (D:9)
  5 howler monkeys (D:9)
  3 hounds
  4 jellies
  11 orc priests
  Crazy Yiuf (D:6)
  A sleepcap (D:8)
  2 iguanas
  8 orc wizards
  8 gnolls
  11 adders
  2 shadow imps
  4 white imps
  9 worms
  49 orcs
  5 ball pythons
  3 endoplasms
  3 giant cockroaches
  16 goblins
  11 hobgoblins
  14 kobolds
  2 quokkas
  2 bats
  2 frilled lizards (D:1)
  8 rats
252 creatures vanquished.

Notes
Turn   | Place    | Note
-------+----------+-------------------------------------------
     0 | D:1      | Dittersdorf the Gargoyle Fighter began the quest for the
                  | Orb.
     0 | D:1      | Reached XP level 1. HP: 14/14 MP: 1/1
   324 | D:1      | Reached XP level 2. HP: 17/19 MP: 2/2
   746 | D:1      | Reached XP level 3. HP: 22/23 MP: 3/3
  1134 | D:2      | Identified the +7 long sword of the Last Artists {freeze,
                  | Dex+3}
  1160 | D:2      | Reached XP level 4. HP: 29/29 MP: 4/4
  1198 | D:2      | Found a faded altar of an unknown god.
  1203 | D:2      | Got Plato's Vademecum on Ignition
  1506 | D:2      | Identified the +4 mace of Resourcefulness {freeze, rCorr
                  | Str+6 Int-2}
  1713 | D:3      | Reached XP level 5. HP: 19/33 MP: 5/5
  2280 | D:3      | Identified the +0 leather armour of Xichinem {Dex+5}
  2405 | D:3      | Reached XP level 6. HP: 35/39 MP: 6/6
  2737 | D:4      | Found a sparkling altar of Nemelex Xobeh.
  2738 | D:4      | Found an opulent altar of Gozag.
  2738 | D:4      | Noticed a black bear
  2746 | D:4      | Killed a black bear
  2752 | D:4      | Became a worshipper of Gozag Ym Sagoz the Greedy
  2979 | D:4      | Reached skill level 5 in Armour
  3090 | D:4      | Reached skill level 5 in Fighting
  3126 | D:4      | Found a white marble altar of Elyvilon.
  3139 | D:4      | Reached skill level 5 in Shields
  3139 | D:4      | Reached XP level 7. HP: 42/44 MP: 7/7
  3809 | D:5      | Entered Level 5 of the Dungeon
  4132 | D:5      | Identified the +2 leather armour of Pantheism {+Blink}
  4167 | D:5      | Found an iron altar of Okawaru.
  4329 | D:6      | Reached XP level 8. HP: 51/51 MP: 8/8
  4370 | D:6      | Reached skill level 5 in Maces & Flails
  4994 | D:6      | Reached XP level 9. HP: 37/56 MP: 9/9
  5251 | D:6      | Found a runed translucent door.
  5252 | D:6      | Noticed Crazy Yiuf
  5451 | D:6      | Found a sacrificial altar of Ru.
  5451 | D:6      | Found a hide-covered altar of Uskayaw.
  5627 | D:6      | Killed Crazy Yiuf
  5998 | D:7      | Identified the +7 sling of Koogeit {drain, rC+ rCorr Str+3
                  | Dex-4}
  6244 | D:7      | Found Etzaodop's Book Shop.
  6284 | D:7      | Found a staircase to the Ecumenical Temple.
  7113 | D:8      | Reached XP level 10. HP: 64/64 MP: 10/10
  7179 | D:8      | Found a radiant altar of Vehumet.
  7335 | D:8      | Found a staircase to the Lair.
  7684 | Lair:1   | Entered Level 1 of the Lair of Beasts
  7870 | D:8      | HP: 3/65 [komodo dragon (11)]
  8269 | D:8      | Noticed a cyclops
  8280 | D:8      | Killed a cyclops
  8596 | D:8      | Noticed Maggie
  8613 | D:8      | Killed Maggie
  9269 | D:8      | Found a radiant altar of Vehumet.
  9477 | D:8      | Found a staircase to the Lair.
  9802 | D:9      | Reached XP level 11. HP: 71/71 MP: 11/11
 10290 | D:9      | Identified the +4 ring mail of Qazlal's Hope {rN+ Will+}
 10547 | D:9      | Found a basalt altar of Yredelemnul.
 10608 | D:9      | Noticed Harold
 10632 | D:9      | Killed Harold
 10768 | D:10     | Entered Level 10 of the Dungeon
 10784 | D:10     | Reached skill level 10 in Armour
 10855 | D:10     | Noticed Snorg
 10946 | D:10     | Killed Snorg
 10947 | D:10     | Reached skill level 10 in Fighting
 10947 | D:10     | Reached skill level 10 in Shields
 11358 | D:10     | Noticed Urug
 11400 | D:10     | Slain by Urug

Illustrated notes

Levels and vault maps discovered:
D:1:      matt_arrival_refuge, layout_basic, minmay_pentomino_p4
D:2:      layout_basic, shapermc_ecumenical_altar_rom_forum, moated_statue,
          hangedman_feature_mirror
D:3:      layout_rooms, minmay_misc_feat_rugged, minivault_25
D:4:      layout_cave_pods, grunt_temple_overflow_opulence, elyvilon_altar_3,
          nicolae_wormholes
D:5:      layout_basic, okawaru_altar_gauntlet_db
D:6:      layout_loops_ring, amethyst_overflow_temple_binary, roderic_lattice_a,
          uniq_crazy_yiuf_cottage
D:7:      layout_loops_corners, minmay_temple_entry_waves, serial_shops,
          kennysheep_mini_moat, kennysheep_nondescript
D:8:      layout_gridville, mainiacjoe_overflow_cross_hatched,
          grunt_lair_entry_orc_guard_hut, kb_rosetta, uniq_maggie
D:9:      layout_grid_maze, nicolae_overflow_crystal_walls, kennysheep_boxes,
          uniq_harold
D:10:     layout_loops_ring, mainiacjoe_overflow_alcove_4, uniq_snorg, uniq_urug
Lair:1:   layout_cave_shapes, dreamdust_gnoll_shepherd, serial_bayou_shore_b

Skill      XL: |  1  2  3  4  5  6  7  8  9 10 11 |
---------------+----------------------------------+-----
Fighting       | 4 5 6 8 9 10 | 10.2
Maces & Flails | 3 4 5 7 8 9 |  9.1
Armour         | 4 5 6 8 9 10 | 10.3
Shields        | 4 5 6 8 9 10 | 10.2

Action                     |  1- 3 |  4- 6 |  7- 9 | 10-12 || total
---------------------------+-------+-------+-------+-------++-------
  Melee: Flail             |   121 |    25 |       |       ||   146
         Mace              |       |   127 |   339 |   373 ||   839
  Throw: Dart              |       |       |       |     3 ||     3
 Invoke: Potion Petition   |       |       |       |     1 ||     1
    Use: Scroll            |       |     6 |     6 |       ||    12
   Stab: Distracted        |       |       |     3 |     1 ||     4
 Armour: Scale mail        |    71 |    89 |    82 |       ||   242
         Chain mail        |       |       |    40 |   233 ||   273
         Ring mail         |       |       |       |    58 ||    58
  Dodge: Dodged            |    60 |    62 |    77 |   148 ||   347
  Block: Buckler           |    10 |       |       |       ||    10
         Kite shield       |    35 |   108 |   260 |   232 ||   635
         Reflection        |       |       |     6 |       ||     6

Table legend: (Time is in decaauts)
 A = Elapsed time spent in this place.
 B = Non-inter-level travel time spent in this place.
 C = Inter-level travel time spent in this place.
 D = Time resting spent in this place.
 E = Time spent auto-exploring this place.
 F = Levels seen in this place.
 G = Mean time per level.
                   A        B        C        D        E       F      G
               +--------+--------+--------+--------+--------+-----+--------+
         Total |  11603 |  11134 |    469 |   1776 |   7032 |  11 | 1054.8 |
       Dungeon |  11596 |  11127 |    469 |   1776 |   7032 |  10 | 1159.6 |
          Lair |      6 |      6 |      0 |      0 |      0 |   1 |    6.0 |
               +--------+--------+--------+--------+--------+-----+--------+

Top non-repeatable levels by time:
     D:8: 2340 daAuts
     D:7: 1510 daAuts
     D:6: 1423 daAuts
     D:9: 1244 daAuts
     D:4: 1153 daAuts
     D:2: 1030 daAuts
     D:1: 979 daAuts
     D:3: 754 daAuts
    D:10: 638 daAuts
     D:5: 521 daAuts
  Lair:1: 6 daAuts
